 Dungeon Crawl Stone Soup version 0.31-a0-66-ge618eeaa78 (webtiles) character file.

Game seed: 6519924794428548216

19 NogeeEf the Grave Robber (level 2, -4/19 HPs)
             Began as a Human Necromancer on May 22, 2023.
             Slain by Crazy Yiuf
             ... wielding a +2 quarterstaff of chaos
              (8 damage)
             ... on level 2 of the Dungeon.
             The game lasted 00:05:54 (902 turns).

NogeeEf the Grave Robber (Human Necromancer)         Turns: 902, Time: 00:05:56

Health: -4/19      AC:  5    Str:  8    XL:     2   Next: 95%
Magic:  5/5        EV: 11    Int: 15    God:
Gold:   51         SH:  0    Dex: 13    Spells: 4/5 levels left

rFire   . . .        c - +0 short sword
rCold   . . .        (no shield)
rNeg    . . .        d - +0 leather armour
rPois   .            (no helmet)
rElec   .            k - +0 cloak
rCorr   .            (no gloves)
SInv    .            e - +0 pair of boots
Will    .....        (no amulet)
Stlth   ++           (no ring)
HPRegen 0.23/turn    (no ring)
MPRegen 0.09/turn

%: no passive effects
@: no status effects
A: no striking features
a: no special abilities


You were on level 2 of the Dungeon.
You visited 1 branch of the dungeon, and saw 2 of its levels.

You collected 51 gold pieces.

Inventory:

Hand Weapons
 c - a +0 short sword (weapon)
Armour
 a - a +0 robe
 d - a +0 leather armour (worn)
 e - a +0 pair of boots (worn)
 k - a +0 cloak (worn)
Scrolls
 g - a scroll of noise {unknown}
 i - a scroll of poison {unknown}
Potions
 b - a potion of magic
 f - a potion of lignification {unknown}
 h - a potion of degeneration {unknown}
 j - a potion of curing {unknown}


   Skills:
 + Level 2.3 Dodging
 + Level 2.3 Stealth
 + Level 2.3 Spellcasting
 + Level 4.2 Necromancy


You had 4 spell levels left.
You knew the following spells:

 Your Spells              Type           Power      Damage    Failure   Level
a - Necrotise             Necr           56%        1d6       5%          1

Your spell library contained the following spells:

 Spells                   Type           Power      Damage    Failure   Level
 Vampiric Draining        Necr           14%        2d7       17%         3
 Animate Dead             Necr           14%        N/A       50%         4
 Agony                    Necr           14%        N/A       83%         5


Dungeon Overview and Level Annotations

Branches:
Dungeon (2/15)

Altars:

Annotations:
D:2 Crazy Yiuf


Message History

You hit the ball python.
The ball python is heavily wounded.
The ball python misses you. The ball python grabs you.
The ball python constricts you.
You hit the ball python.
You kill the ball python!
Your magical contamination has completely faded away.
Things that are here:
a ball python corpse; a hobgoblin corpse An endoplasm comes into view.
The endoplasm quivers.
You barely miss the endoplasm.
The endoplasm hits you but does no damage.
You hit the endoplasm.
The endoplasm is almost dead.
The endoplasm hits you but does no damage.
You hit the endoplasm.
You kill the endoplasm!
Done exploring.
Done exploring.
You can't go down here!
There is a stone staircase leading down here.
You climb downwards.
There is a stone staircase leading up here.
There is a stone staircase leading up here.
Found a runed translucent door.
You open the door.
Crazy Yiuf shouts!
There is an open translucent door here.
Crazy Yiuf closely misses you.
You hit Crazy Yiuf.
Crazy Yiuf is lightly wounded.
Crazy Yiuf drinks a potion.
Crazy Yiuf seems to grow stronger.
You closely miss Crazy Yiuf.
Crazy Yiuf is lightly wounded.
Crazy Yiuf hits you with a +2 quarterstaff of chaos!
Ouch! That really hurt!
* * * LOW HITPOINT WARNING * * *
You are electrocuted!
You die...

#..## ##.... ....#
#..# ##..###
#.....# #####
♣♣###..#.. #)..#♣♣
♣♣P.#...###
#.g@'.♣♣♣♣PP......#
#...#♣..♣........##
#####♣♣♣.♣.P.##.##
♣♣♣♣♣###.# #.# #+#


You could see Crazy Yiuf (strong).

Vanquished Creatures
  A ball python (D:1)
  2 endoplasms (D:1)
  A giant cockroach (D:1)
  3 goblins (D:1)
  A hobgoblin (D:1)
  2 kobolds (D:1)
  A quokka (D:1)
  A frilled lizard (D:1)
  3 rats (D:1)
15 creatures vanquished.

Vanquished Creatures (collateral kills)
  A hobgoblin (D:1)
1 creature vanquished.

Grand Total: 16 creatures vanquished

Notes
Turn   | Place    | Note
-------+----------+-------------------------------------------
     0 | D:1      | NogeeEf the Human Necromancer began the quest for the Orb.
     0 | D:1      | Reached XP level 1. HP: 13/13 MP: 3/3
   122 | D:1      | Reached XP level 2. HP: 19/19 MP: 0/5
   894 | D:2      | Found a runed translucent door.
   895 | D:2      | Noticed Crazy Yiuf
   902 | D:2      | Slain by Crazy Yiuf

Illustrated notes

Levels and vault maps discovered:
D:1:      ldierk_walled_garden_2, layout_basic
D:2:      layout_loops_corners, uniq_crazy_yiuf_cottage

Action                     || total
---------------------------++-------
  Melee: Unarmed           ||     8
         Short sword       ||    22
   Cast: Necrotise         ||    11
 Armour: Robe              ||     1
         Leather armour    ||     6
  Dodge: Dodged            ||    26

Table legend: (Time is in decaauts)
 A = Elapsed time spent in this place.
 B = Non-inter-level travel time spent in this place.
 C = Inter-level travel time spent in this place.
 D = Time resting spent in this place.
 E = Time spent auto-exploring this place.
 F = Levels seen in this place.
 G = Mean time per level.
                   A        B        C        D        E       F      G
               +--------+--------+--------+--------+--------+-----+--------+
         Total |    901 |    854 |     47 |     21 |    537 |   2 |  450.5 |
       Dungeon |    901 |    854 |     47 |     21 |    537 |   2 |  450.5 |
               +--------+--------+--------+--------+--------+-----+--------+

Top non-repeatable levels by time:
     D:1: 850 daAuts
     D:2: 50 daAuts
